 Dungeon Crawl Stone Soup version 0.24.0-1-gfbc8707 (webtiles) character file.

Game seed: 14011756986621424876, levelgen mode: deterministic

339 Illumine the Conjurer (level 6, -7/35 HPs)
             Began as a Deep Elf Conjurer on Nov 1, 2019.
             Mangled by Duvessa
             ... wielding a +0 rapier
              (9 damage)
             ... on level 4 of the Dungeon.
             The game lasted 00:10:10 (3440 turns).

Illumine the Conjurer (Deep Elf Conjurer)           Turns: 3440, Time: 00:10:10

Health: -7/35      AC:  8    Str:  5    XL:     6   Next: 29%
Magic:  2/15       EV: 14    Int: 22    God:
Gold:   217        SH:  0    Dex: 15    Spells: 4/14 levels left

rFire    . . .     SeeInvis .   n - +0 dagger (elec)
rCold    . . .     Gourm    .   (no shield)
rNeg     . . .     Faith    .   h - +2 robe {Archmagi}
rPois    .         Spirit   .   p - +0 helmet
rElec    .         Reflect  .   (no cloak)
rCorr    .         Harm     .   m - +2 pair of gloves
MR       .....                  (no boots)
Stlth    ++........             (no amulet)
HPRegen  0.11/turn              (no ring)
MPRegen  0.14/turn              (no ring)

@: no status effects
A: no striking features
a: no special abilities


You were on level 4 of the Dungeon.
You were not hungry.

You visited 1 branch of the dungeon, and saw 4 of its levels.

You collected 217 gold pieces.

Inventory:

Hand Weapons
 n - a +0 dagger of electrocution (weapon)
Missiles
 i - a curare-tipped dart (quivered)
 q - 16 poisoned darts
 t - 8 boomerangs
Armour
 h - a +2 robe of the Archmagi (worn)
 m - a +2 pair of gloves (worn)
 p - a +0 helmet (worn)
Wands
 s - a wand of polymorph (1)
Scrolls
 a - 3 scrolls of teleportation
 b - a scroll of magic mapping {unknown}
 d - 3 scrolls of remove curse
 e - 4 scrolls of identify
 g - a scroll of immolation {unknown}
 j - a scroll of random uselessness
 r - 2 scrolls of enchant armour
Potions
 f - a potion of haste
 l - a potion of mutation
 o - 3 potions of brilliance
Comestibles
 c - 4 rations


   Skills:
 + Level 1.7 Fighting
 + Level 2.0 Short Blades
 + Level 4.0 Dodging
 - Level 2.4 Stealth
 + Level 4.8 Spellcasting
 + Level 5.4 Conjurations
 + Level 2.4 Hexes


You had 4 spell levels left.
You knew the following spells:

 Your Spells              Type           Power        Failure   Level  Hunger
a - Magic Dart            Conj           ####         1%          1    None
b - Searing Ray           Conj           #####.       1%          2    None
c - Dazzling Spray        Conj/Hex       ####..       6%          3    ##.....
d - Iskenderun's Mystic   Conj           #####...     11%         4    ####...

Your spell library contained the following spells:

 Spells                   Type           Power        Failure   Level  Hunger
 Fulminant Prism          Conj/Hex       ####......   21%         4    ####...
 Force Lance              Conj/Tloc      ####....     32%         4    ####...


Dungeon Overview and Level Annotations

Branches:
Dungeon (4/15)
 Temple: D:4-7

Altars:
Elyvilon
Wu Jian

Annotations:
D:3 1 runed translucent door, Crazy Yiuf
D:4 Duvessa


Message History

Duvessa is poisoned.
Duvessa convulses.
Duvessa seems to slow down.
Duvessa is severely wounded.
Duvessa hits you with a +0 rapier.
* * * LOW HITPOINT WARNING * * *
Throwing (i - inventory. (/) - cycle)
i - 3 curare-tipped darts (quivered)
Press: ? - help, Shift-Dir - straight line, f/p - Duvessa
Aim: Duvessa, wielding a +0 rapier and wearing a +0 ring mail (severely wounded, berserk, fast+slow, unusually strong, poisoned)
You throw a curare-tipped dart. The curare-tipped dart hits Duvessa.
Duvessa looks as sick as possible!
Duvessa convulses.
Duvessa seems to be slow for longer.
Duvessa is almost dead.
Duvessa misses you.
There is a stone staircase leading down here.
Throwing (i - inventory. (/) - cycle)
i - 2 curare-tipped darts (quivered)
Press: ? - help, Shift-Dir - straight line, f/p - Duvessa
Aim: Duvessa, wielding a +0 rapier and wearing a +0 ring mail (almost dead, berserk, fast+slow, unusually strong, poisoned)
You throw a curare-tipped dart.
The curare-tipped dart barely misses Duvessa.
Duvessa hits you with a +0 rapier!
You die...

#.# #......)...... #.#
#..#.#####.... #. #.#
##.#.# # #.#
####.####.#(# #.#
####....)..(.(.# #.#
#.........#..### ##.#
#.##.##......# .#.#
#.##.##.#.#e.#
.#.###.##.##....@.###
..........##.#.#........
...###.##.##.#.#..######
.### #.##.........# .#
#.##.......[## .#
#.#####.#.### ##
#.#####.#.# #
#.........# #
#######.###


You could see Duvessa (berserk).

Vanquished Creatures
  Dowan (D:4)
  A howler monkey (D:4)
  2 orc wizards (D:4)
  Ijyb (D:3)
  4 gnolls (D:3)
  5 adders
  2 oozes
  2 dart slugs
  A leopard gecko (D:3)
  11 orcs
  4 giant cockroaches
  7 goblins
  6 hobgoblins
  5 jackals (D:1)
  8 kobolds
  3 quokkas
  A ball python (D:1)
  6 bats
  2 frilled lizards (D:1)
  A quokka skeleton (D:4)
  2 rats
75 creatures vanquished.

Notes
Turn   | Place    | Note
-------+----------+-------------------------------------------
     0 | D:1      | Illumine the Deep Elf Conjurer began the quest for the Orb.
     0 | D:1      | Reached XP level 1. HP: 10/10 MP: 6/6
     2 | D:1      | Noticed a demonspawn
     2 | D:1      | Noticed a minotaur
     4 | D:1      | Noticed a formicid
     6 | D:1      | Noticed a vampire
     6 | D:1      | Noticed a troll
     8 | D:1      | Noticed a draconian
    11 | D:1      | Noticed a merfolk
    11 | D:1      | Noticed a demigod
    13 | D:1      | Noticed a human
    15 | D:1      | Noticed a centaur
    17 | D:1      | Noticed a dwarf
    17 | D:1      | Noticed an elf
    19 | D:1      | Noticed a vine stalker
    19 | D:1      | Noticed a tengu
    21 | D:1      | Noticed a spriggan
    21 | D:1      | Noticed an octopode
    23 | D:1      | Noticed an ogre
    23 | D:1      | Noticed a gargoyle
    25 | D:1      | Noticed a naga
    25 | D:1      | Noticed a ghoul
    27 | D:1      | Noticed a felid
    27 | D:1      | Noticed a halfling
   349 | D:1      | Reached XP level 2. HP: 15/15 MP: 6/8
   356 | D:1      | Learned a level 2 spell: Searing Ray
  1066 | D:2      | Reached XP level 3. HP: 20/20 MP: 6/10
  1449 | D:2      | Reached skill level 1 in Fighting
  1485 | D:2      | Found an ornate altar of the Wu Jian Council.
  1583 | D:3      | Reached XP level 4. HP: 25/25 MP: 3/12
  1752 | D:3      | Learned a level 3 spell: Dazzling Spray
  1757 | D:3      | Reached skill level 5 in Conjurations
  1858 | D:3      | Noticed Ijyb
  2225 | D:3      | Found a runed translucent door.
  2226 | D:3      | Noticed Crazy Yiuf
  2241 | D:3      | Reached skill level 1 in Short Blades
  2380 | D:4      | Reached skill level 1 in Hexes
  2477 | D:4      | Reached XP level 5. HP: 29/29 MP: 7/13
  2716 | D:3      | Killed Ijyb
  3189 | D:4      | Learned a level 4 spell: Iskenderun's Mystic Blast
  3210 | D:4      | Reached XP level 6. HP: 35/35 MP: 10/15
  3416 | D:4      | Noticed Dowan
  3416 | D:4      | Noticed Duvessa
  3417 | D:4      | Found a white marble altar of Elyvilon.
  3421 | D:4      | Killed Dowan
  3434 | D:4      | HP: 1/35 [Duvessa/+0 rapier (2)]
  3440 | D:4      | Mangled by Duvessa

Levels and vault maps discovered:
D:1:      kb_arrival_jail, layout_loops_ring
D:2:      layout_rooms, nicolae_overflow_crystal_walls, first_ration
D:3:      layout_basic, uniq_crazy_yiuf_cottage, uniq_ijyb
D:4:      layout_loops_ring, old_standard_altar, minmay_close_crescents,
          uniq_duvessa

Skill      XL: |  1  2  3  4  5  6 |
---------------+-------------------+-----
Dodging        | 3 4 |  4.0
Spellcasting   | 4 |  4.8
Fighting       | 1 |  1.7
Conjurations   | 5 |  5.4
Short Blades   | 1 2 |  2.0
Hexes          | 1 2 |  2.4
Stealth        | |  2.4

Action                   |  1- 3 |  4- 6 || total
-------------------------+-------+-------++-------
Melee: Dagger            |       |    13 ||    13
       Unarmed           |       |     5 ||     5
Throw: Javelin           |     2 |       ||     2
       Dart              |       |     8 ||     8
 Cast: Magic Dart        |    61 |    50 ||   111
       Searing Ray       |     3 |    12 ||    15
       Dazzling Spray    |       |    12 ||    12
  Use: Scroll            |       |     8 ||     8
       Potion            |       |     3 ||     3
 Stab: Confused          |       |     1 ||     1
  Eat: Chunk             |     1 |     1 ||     2
       Ration            |       |     2 ||     2
Armor: Robe              |     6 |     6 ||    12
Dodge: Dodged            |    10 |    34 ||    44
